cohdb
Replays
Latest Replays
All Replays
Popular Replays
Top Player Replays
Match Explorer
How It Works
Community
CoH3 Stats
Reddit
Sign in to upload your games and track your stats! →
Sign in with Steam
Match 45829379
Unlisted
Match 45829379
Overview
Messages
Build Orders
End
Panzergrenadier Squad
Kradschützen Motorcycle Team
Panzergrenadier Squad
Construct Light Support Kompanie
Panzerjäger Squad
2.5-tonne Medical Truck
Selects Italian Infantry
Selects Guastatori Squad
Guastatori Squad
Fire Support Elements
Guastatori Squad
Selects Defensive Operations
Construct Panzerarmee Kommand
Pak 38 Mechanized Group
Armored Reserves
2.5-tonne Medical Truck
Selects Prepared Positions
2.5-tonne Medical Truck
Tiger Heavy Tank
Selects Propaganda War
Guastatori Squad
Selects Registered Artillery
Selects Towed Cannone da 105/28 Field Howitzer
Panzer IV Assault Group
Panzer III L Medium Tank
Tungsten Core Ammunition
Registered Artillery
Tiger Heavy Tank
Construct Mechanized Kompanie
18-tonne Recovery Half-track
Synthoras
[PD] [9C] [FT] Claudius Tacitus
Nico-Nico-Nii~~
Peetybird5000
lqf0607
OwlBoy.
joker
Patton
0
0
Comments
sign in to comment!
No comments posted yet!